 Dungeon Sprint DCSS version 0.24.0 (webtiles) character file.

Game seed: 4081992120502230135, levelgen mode: deterministic

345 TheOrbIsALie the Grappler (level 6, -12/35 HPs)
             Began as a Gargoyle Transmuter on May 10, 2020.
             Was a Follower of Okawaru.
             Mangled by a cyclops (23 damage)
             ... in the Dungeon (Sprint IX: "|||||||||||||||||||||||||||||").
             The game lasted 00:01:42 (534 turns).

TheOrbIsALie the Grappler (Gargoyle Transmuter)      Turns: 534, Time: 00:01:43

Health: -12/35     AC: 15    Str: 17    XL:     6   Next: 58%
Magic:  12/14      EV: 16    Int: 14    God:    Okawaru [*.....]
Gold:   0          SH:  0    Dex: 14    Spells: 9/15 levels left

rFire    . . .     SeeInvis .     - Unarmed
rCold    . . .     Gourm    .   (no shield)
rNeg     + . .     Faith    .   r - +2 ring mail
rPois    ∞         Spirit   .   p - +0 helmet
rElec    +         Reflect  .   (no cloak)
rCorr    .         Harm     .   (no gloves)
MR       .....     NoTele   +   q - +0 pair of boots
Stlth    ++........             (no amulet)
HPRegen  0.11/turn              n - +3 ring of dexterity
MPRegen  0.14/turn              o - +3 ring of strength

@: heroism
A: negative energy resistance 1, electricity resistance, unbreathing,
petrification resistance, rot immunity, AC +4
a: Heroism, Renounce Religion


You were in the Dungeon.
You worshipped Okawaru.
Okawaru was aware of your devotion.
You were not hungry.

You visited 1 branch

Inventory:

Missiles
 a - 12 arrows
Armour
 b - a +0 robe
 p - a +0 helmet (worn)
 q - a +0 pair of boots (worn)
 r - a +2 ring mail (worn)
Jewellery
 n - a +3 ring of dexterity (left hand)
 o - a +3 ring of strength (right hand)
Wands
 m - a wand of iceblast (10)
Scrolls
 j - 2 scrolls of blinking
 k - 3 scrolls of remove curse
 l - 2 scrolls of amnesia
Potions
 e - 5 potions of curing
 f - 2 potions of heal wounds
 g - a potion of haste
 h - 4 potions of magic
 i - a potion of invisibility
Comestibles
 d - a ration


   Skills:
 + Level 2.2(7.2) Fighting
 - Level 2.2(7.2) Armour
 + Level 4.5(9.5) Dodging
 + Level 10.1(15.1) Unarmed Combat
 + Level 5.4 Spellcasting
 + Level 4.2 Transmutations


You had 9 spell levels left.
You knew the following spells:

 Your Spells              Type           Power        Failure   Level  Hunger
a - Beastly Appendage     Tmut           ###...       4%          1    None
b - Blade Hands           Tmut           ###.......   80%         5    ######.

Your spell library contained the following spells:

 Spells                   Type           Power        Failure   Level  Hunger
 Sticks to Snakes         Tmut           ###.....     8%          2    ##.....
 Spider Form              Tmut/Pois      #.........   34%         3    ###....
 Ice Form                 Ice/Tmut       #.......     75%         4    ####...


Dungeon Overview and Level Annotations

Branches:
Dungeon (1/1)

Altars:
Cheibriados
Dithmenos
Elyvilon
Fedhas
Gozag
Hepliaklqana
Kikubaaqudgha
Makhleb
Nemelex Xobeh
Okawaru
Qazlal
Ru
Sif Muna
Trog
Uskayaw
Vehumet
Wu Jian
Xom
Yredelemnul
Zin
The Shining One
Beogh
Jiyva
Lugonu


Innate Abilities, Weirdness & Mutations

You are resistant to torment.
Your stone body is resilient. (AC +4)
You are immune to poison.
You resist negative energy. (rN+)
You are resistant to electric shocks. (rElec)
You can survive without breathing.
You are immune to petrification.
You are immune to rotting.


Message History

You feel much better.
The cyclops throws a large rock.
The large rock hits you!
Unknown command.
There is an open door here.
You punch the cyclops! Your punch misses the cyclops.
The cyclops is moderately wounded.
The cyclops barely misses you.
Okay, then.
Unknown command.
You hit the cyclops but do no damage.
The cyclops is moderately wounded.
You punch the cyclops!
The cyclops is heavily wounded.
The cyclops hits you!
You punch the cyclops! You punch the cyclops.
The cyclops is almost dead.
You hit the cyclops.
The cyclops is almost dead.
The cyclops hits you!!
Ouch! That really hurt!
You die... ▓▓▓▓▓▓▓▓▓▓▓▓▓▓▓▓▓▓▓▓▓▓▓▓ ..|).....).....(@Coau9Z+ ▓▓▓▓▓▓▓▓▓▓▓▓▓▓▓▓▓▓▓▓▓▓▓▓

You could see a brown ugly thing, a cyclops, a gargoyle, a worker ant, an orc and a leopard gecko zombie.

Vanquished Creatures
  A water moccasin (D)
  A crocodile (D)
  A wight (D)
  A crimson imp (D)
  A hound (D)
  A jelly (D)
  A worker ant (D)
  An adder (D)
  An adder zombie (D)
  2 ball pythons (D)
  2 goblins (D)
  A hobgoblin (D)
  2 kobolds (D)
16 creatures vanquished.

Notes
Turn   | Place    | Note
-------+----------+-------------------------------------------
     0 | D        | TheOrbIsALie the Gargoyle Transmuter began the quest for
                  | the Orb.
     0 | D        | Reached XP level 1. HP: 12/12 MP: 3/3
    80 | D        | Noticed a worker ant
    80 | D        | Noticed a jelly
    82 | D        | Reached skill level 4 in Unarmed Combat
    82 | D        | Reached XP level 2. HP: 16/16 MP: 2/5
    90 | D        | Reached skill level 5 in Unarmed Combat
    90 | D        | Reached XP level 3. HP: 14/20 MP: 1/7
    96 | D        | Reached skill level 6 in Unarmed Combat
    96 | D        | Reached XP level 4. HP: 9/25 MP: 2/9
   149 | D        | Found a roughly hewn altar of Beogh.
   149 | D        | Found a snail-covered altar of Cheibriados.
   149 | D        | Found a shadowy altar of Dithmenos.
   149 | D        | Found a white marble altar of Elyvilon.
   149 | D        | Found a blossoming altar of Fedhas.
   149 | D        | Found an opulent altar of Gozag.
   150 | D        | Found a hazy altar of Hepliaklqana.
   151 | D        | Found a viscous altar of Jiyva.
   152 | D        | Found an ancient bone altar of Kikubaaqudgha.
   153 | D        | Found a corrupted altar of Lugonu.
   154 | D        | Found a burning altar of Makhleb.
   155 | D        | Found a sparkling altar of Nemelex Xobeh.
   156 | D        | Found an iron altar of Okawaru.
   157 | D        | Found a stormy altar of Qazlal.
   158 | D        | Found a sacrificial altar of Ru.
   159 | D        | Found a shimmering blue altar of Sif Muna.
   160 | D        | Found a bloodstained altar of Trog.
   161 | D        | Found a hide-covered altar of Uskayaw.
   162 | D        | Found a radiant altar of Vehumet.
   163 | D        | Found an ornate altar of the Wu Jian Council.
   164 | D        | Became a worshipper of Warmaster Okawaru
   165 | D        | Found a shimmering altar of Xom.
   166 | D        | Found a basalt altar of Yredelemnul.
   167 | D        | Found a glowing silver altar of Zin.
   168 | D        | Found a glowing golden altar of the Shining One.
   321 | D        | Noticed a crocodile
   321 | D        | Noticed a water moccasin
   334 | D        | Reached skill level 7 in Unarmed Combat
   342 | D        | Killed a crocodile
   342 | D        | Reached skill level 1 in Armour
   342 | D        | Reached skill level 8 in Unarmed Combat
   342 | D        | Reached XP level 5. HP: 22/30 MP: 9/11
   360 | D        | Killed a water moccasin
   360 | D        | Reached * piety under Okawaru
   360 | D        | Reached skill level 9 in Unarmed Combat
   360 | D        | Reached skill level 5 in Spellcasting
   360 | D        | Reached XP level 6. HP: 17/35 MP: 11/13
   380 | D        | Reached skill level 10 in Unarmed Combat
   392 | D        | Learned a level 5 spell: Blade Hands
   526 | D        | Noticed a cyclops
   526 | D        | Noticed a gargoyle
   526 | D        | Noticed a brown ugly thing
   534 | D        | Mangled by a cyclops

Levels and vault maps discovered:
D:        linesprint [early_d, line_temple, items_1, d_10, items_2, lair_1,
          lair_end, items_3, orc_1, orc_end, items_4, d_15, swamp_1, shoals_1,
          snake_1, spider_1, d_20, vaults_1, items_5, swamp_end, shoals_end,
          snake_end, spider_end, vaults_end, d_27, items_6, zot_1, zot_end,
          crypt_end, forest_end, elf_end, slime_end, tomb_end, abyss_end,
          pan_hell_end]
